 Dungeon Crawl Stone Soup version 0.29.1-1-gd02db6906a (webtiles) character file.

Game seed: 9722462845511049560

21 firemarshallily the Charlatan (level 3, 0/26 HPs)
             Began as a Human Wanderer on Oct 23, 2022.
             Was an Initiate of Yredelemnul.
             Slain by a jackal (3 damage)
             ... on level 1 of the Dungeon.
             The game lasted 00:03:17 (796 turns).

firemarshallily the Charlatan (Human Wanderer)       Turns: 796, Time: 00:03:18

Health: 0/26       AC:  3    Str: 16    XL:     3   Next: 5%
Magic:  3/4        EV: 11    Int: 10    God:    Yredelemnul [......]
Gold:   13         SH:  0    Dex: 12    Spells: 3/4 levels left

rFire   . . .      SeeInvis .   a - +0 club
rCold   . . .      Faith    .   (no shield)
rNeg    . . .      Spirit   .   d - +0 leather armour
rPois   .          Reflect  .   (no helmet)
rElec   .          Harm     .   (no cloak)
rCorr   .          Rampage  .   (no gloves)
Will    .....                   (no boots)
Stlth   +.........              (no amulet)
HPRegen 0.08/turn               (no ring)
MPRegen 0.09/turn               (no ring)

@: attractive
A: no striking features
a: Renounce Religion, Recall Undead Harvest


You were on level 1 of the Dungeon.
You worshipped Yredelemnul.
Yredelemnul was noncommittal.
You visited 1 branch of the dungeon, and saw 1 of its levels.

You collected 13 gold pieces.

Inventory:

Hand Weapons
 a - a +0 club (weapon)
Armour
 d - a +0 leather armour (worn)
 g - a +0 ring mail
Jewellery
 h - a ring of flight
Wands
 e - a wand of paralysis (12)
Scrolls
 b - a scroll of fog
 c - a scroll of blinking
 f - a scroll of noise {unknown}
 i - 2 scrolls of fear {unknown}


   Skills:
 + Level 1.5 Fighting
 * Level 1.5 Maces & Flails
 - Level 1.0 Throwing
 + Level 1.0 Armour
 - Level 2.0 Dodging
 - Level 1.0 Spellcasting
 - Level 1.0 Ice Magic
 - Level 1.0 Invocations
 - Level 3.0 Evocations


You had 3 spell levels left.
You knew the following spells:

 Your Spells              Type           Power      Damage    Failure   Level
a - Freeze                Ice            8%         1d3       28%         1

Your spell library contained the following spells:

 Spells                   Type           Power      Damage    Failure   Level
 Frozen Ramparts          Ice            4%         1d1       63%         3


Dungeon Overview and Level Annotations

Branches:
Dungeon (1/15)

Altars:
Yredelemnul


Message History

The jackal bites you but does no damage.
It was a potion of attraction.
You feel attractive to monsters. The jackal bites you.
* * * LOW HITPOINT WARNING * * *
The jackal bites you but does no damage.
The jackal bites you.
* * * LOW HITPOINT WARNING * * *
Your giant cockroach zombie bites the jackal but does no damage.
You swap places.
The jackal bites your giant cockroach zombie.
The jackal barely misses your giant cockroach zombie.
The jackal bites you but does no damage.
The jackal bites your giant cockroach zombie.
Your giant cockroach zombie barely misses the jackal.
The jackal bites your giant cockroach zombie but does no damage.
You see here a +0 dagger.
You barely miss the jackal.
The jackal is severely wounded.
The jackal misses you.
The jackal bites your giant cockroach zombie but does no damage.
The jackal barely misses your giant cockroach zombie.
The jackal bites you but does no damage.
Your giant cockroach zombie bites the jackal but does no damage.
The jackal bites your giant cockroach zombie.
You barely miss the jackal.
The jackal is severely wounded.
The jackal barely misses your giant cockroach zombie.
The jackal barely misses you.
The jackal closely misses your giant cockroach zombie.
The jackal bites your giant cockroach zombie.
Your giant cockroach zombie bites the jackal but does no damage.
The jackal closely misses you.
You closely miss the jackal.
The jackal is severely wounded.
The jackal bites your giant cockroach zombie.
Your giant cockroach zombie is destroyed!
The jackal barely misses you. The jackal bites you.
You die...
Your body rises from the dead as a mindless zombie.

.............####
######.#.#..Z########
#.#....Z........
#.....##############
#..................#
##.##.###.......##.#
#..##.#.......#....##
...###.##..#.#.......#
...
#.....h@......###.# .
####..#h..........#
#......h.....####
#.#.#.........# #
#.#..#####..# #.....
.?... #...## ...##
#... ..... #.#. .####.


You could see 3 jackals.

Vanquished Creatures
  A dart slug (D:1)
  A ball python (D:1)
  A bat (D:1)
  3 endoplasms (D:1)
  3 giant cockroaches (D:1)
  2 goblins (D:1)
  A hobgoblin (D:1)
  A rat (D:1)
13 creatures vanquished.

Vanquished Creatures (collateral kills)
  A bat (D:1)
  A jackal (D:1)
2 creatures vanquished.

Vanquished Creatures (others)
  A bat zombie (D:1)
  2 ball python zombies (D:1)
  A giant cockroach zombie (D:1)
  2 quokka zombies (D:1)
  A rat zombie (D:1)
7 creatures vanquished.

Grand Total: 22 creatures vanquished

Notes
Turn   | Place    | Note
-------+----------+-------------------------------------------
     0 | D:1      | firemarshallily the Human Wanderer began the quest for the
                  | Orb.
     0 | D:1      | firemarshallily set off with the following items: a +0
                  | club, a scroll of fog, a scroll of blinking, a +0 leather
                  | armour, a wand of paralysis (12); and the following spell
                  | memorised: Freeze; and the following spells available to
                  | memorise: Frozen Ramparts.
     0 | D:1      | Reached XP level 1. HP: 15/15 MP: 2/2
   365 | D:1      | Reached skill level 1 in Maces & Flails
   365 | D:1      | Reached XP level 2. HP: 14/21 MP: 3/3
   454 | D:1      | Found a faded altar of an unknown god.
   670 | D:1      | Prayed at the altar of an unknown god.
   670 | D:1      | Became a worshipper of Yredelemnul the Dark
   670 | D:1      | Reached * piety under Yredelemnul
   762 | D:1      | Reached skill level 1 in Armour
   772 | D:1      | Reached XP level 3. HP: 26/26 MP: 4/4
   796 | D:1      | Slain by a jackal

Illustrated notes

Levels and vault maps discovered:
D:1:      mrwooster_arrival_statue, layout_basic, basic_ecumenical_altar,
          serial_shops, shop, chequers_arboretum, st_stairs_13,
          minmay_pentomino_q2

Skill      XL: |  1  2 |
---------------+-------+-----
Maces & Flails | 1 |  1.5
Armour         | 1 |  1.0
Fighting       | |  1.5
Throwing       | |  1.0
Dodging        | |  2.0
Spellcasting   | |  1.0
Ice Magic      | |  1.0
Invocations    | |  1.0
Evocations     | |  3.0

Action                   || total
-------------------------++-------
Melee: Club              ||    82
       Punch             ||     2
 Cast: Freeze            ||     3
Invok: Recall Undead Har ||     1
  Use: Potion            ||     1
Armor: Leather armour    ||    48
Dodge: Dodged            ||    90
